AoeStats
← alexmavrovic

MegaRandom

508137841Analyzed
2v2 RM · 12d ago on Sep 21, 2026· 32m 28s· 4 players
Game mode
Random Map
Map size
Medium (4 player)
Population
200
Speed
Normal
Resources
Standard
Victory
Conquest
Starting age
Dark Age
Ending age
Imperial Age
RankedLock teamsTeams togetherTeam positionsShared explorationLock speedFull tech treeHidden civsTurbo modeCheats
Victory
Defeat
🇦🇷 Mongols · Argentina
1183
+15
🇦🇷 Tupi · Argentina
1148
+16
🇨🇦 Spanish · Canada
1193
-17
🇺🇸 Goths · United States
1128
-14
EZEKIEL_2517
1:01 Loom
9:30 Feudal Age
9:36 Champi Runner
10:47 Double-Bit Axe
14:36 Forging
14:13 Arson
15:45 Scale Mail Armor
16:38 Wheelbarrow
20:54 Castle Age
22:56 Bow Saw
24:04 Fletching
30:08 Imperial Age
28:20 Horse Collar
28:47 Padded Archer Armor
29:21 Town Watch
30:56 Bodkin Arrow
31:17 Leather Archer Armor
33:03 Chemistry
32:23 Ballistics
Moralelastic
2:05 Loom
9:53 Feudal Age
11:51 Double-Bit Axe
12:50 Wheelbarrow
15:52 Castle Age
14:20 Fletching
14:31 Padded Archer Armor
14:55 Gold Mining
16:34 Bloodlines
16:43 Fishing Lines
18:45 Bodkin Arrow
22:46 Hand Cart
23:18 Thumb Ring
24:35 Leather Archer Armor
25:38 Horse Collar
26:20 Ballistics
29:05 Imperial Age
26:46 Heavy Plow
30:04 Gold Shaft Mining
29:56 Bracer
30:23 Parthian Tactics
30:35 Elite Mangudai
32:17 Town Watch
32:57 Drill
31:59 Capped Ram
alexmavrovic
3:23 Loom
10:45 Feudal Age
15:18 Castle Age
14:17 Double-Bit Axe
14:12 Horse Collar
17:36 Wheelbarrow
18:55 Husbandry
24:46 Padded Archer Armor
25:57 Elite Skirmisher
26:29 Fletching
26:58 Leather Archer Armor
28:28 Fletching
28:43 Scale Barding Armor
28:42 Light Cavalry
29:40 Bloodlines
31:35 Bow Saw
31:26 Heavy Plow
31:17 Gold Mining
31:18 Stone Mining
32:23 Hand Cart
矮脚虎王英
0:45 Loom
10:33 Feudal Age
11:49 Double-Bit Axe
12:17 Horse Collar
17:35 Castle Age
22:31 Imperial Age
19:57 Pikeman
29:50 Sanctity
Connection lost

Rejoining the realm…

Still unreachable

The connection could not be restored.

Session expired

The server has moved on; the page needs a fresh start.